 Dungeon Crawl Stone Soup version 0.30-a0-862-g1aabd4f9c5 (webtiles) character file.

Game seed: 571407597768608042

2091 NinjaNoafa the Cleaver (level 9, 0/75 HPs)
             Began as a Hill Orc Monk on Mar 8, 2023.
             Was a Believer of Qazlal.
             Slain by a gnoll bouda
             ... wielding a +0 whip
              (1 damage)
             ... on level 7 of the Dungeon.
             The game lasted 00:17:15 (6223 turns).

NinjaNoafa the Cleaver (Hill Orc Monk)              Turns: 6223, Time: 00:17:16

Health: 0/75       AC: 18    Str: 24    XL:     9   Next: 27%
Magic:  12/12      EV:  7    Int: 10    God:    Qazlal [**....]
Gold:   376        SH:  3    Dex: 13    Spells: 8/8 levels left

rFire   + . .      SeeInvis .    o - +2 battleaxe
rCold   + . .      Faith    .    (shield currently unavailable)
rNeg    . . .      Spirit   .    C - +0 plate armour
rPois   +          Reflect  .    d - +0 helmet
rElec   +          Rampage  .    i - scarf {+Inv}
rCorr   +                        (no gloves)
Will    .....                    E - +0 pair of boots Stlth
                                 (no amulet)
HPRegen 0.32/turn                n - +4 ring of protection
MPRegen 0.13/turn                q - +6 ring of strength

@: lethally poisoned (0 -> -21), resistant, weakened
A: no striking features
a: Renounce Religion, Evoke Invisibility, Upheaval


You were on level 7 of the Dungeon.
You worshipped Qazlal.
Qazlal was pleased with you.
You visited 1 branch of the dungeon, and saw 7 of its levels.

You collected 376 gold pieces.

Inventory:

Hand Weapons
 o - a +2 battleaxe (weapon)
Missiles
 a - 6 boomerangs
 e - 4 poisoned darts (quivered)
 v - 6 curare-tipped darts
 A - a silver boomerang
Armour
 d - a +0 helmet (worn)
 i - a scarf of invisibility (worn)
 C - a +0 plate armour (worn)
 E - a +0 pair of boots (worn)
Jewellery
 n - a +4 ring of protection (left hand)
 q - a +6 ring of strength (right hand)
 u - a +5 ring of evasion
 B - a ring of ice
 D - a ring of willpower
Wands
 z - a wand of charming (12)
Scrolls
 c - a scroll of fear {unknown}
 j - a scroll of teleportation {unknown}
 k - 3 scrolls of poison
 p - a scroll of vulnerability {unknown}
 r - a scroll of amnesia {unknown}
Potions
 f - 4 potions of brilliance
 l - 2 potions of mutation
 m - 4 potions of might {unknown}
 s - a potion of attraction {unknown}
 t - 2 potions of magic
 w - a potion of lignification {unknown}
 x - a potion of flight {unknown}


   Skills:
 + Level 6.1 Fighting
 - Level 13.3 Axes
 - Level 4.2 Armour
 - Level 2.4 Dodging
 - Level 1.5 Stealth
 - Level 4.0 Invocations


You had 8 spell levels left.
You didn't know any spells.
Your spell library contained the following spells:

 Spells                   Type           Power      Damage    Failure   Level
 Blink                    Tloc           0%         N/A       100%        2
 Lesser Beckoning         Tloc           0%         N/A       100%        2
 Momentum Strike          Conj/Tloc      0%         3d8       100%        2
 Sublimation of Blood     Necr           0%         N/A       100%        2
 Manifold Assault         Tloc           0%         N/A       100%        4
 Petrify                  Tmut/Erth      0%         N/A       100%        4
 Irradiate                Conj/Tmut      0%         3d11      100%        5
 Storm Form               Tmut/Air       0%         N/A       100%        7


Dungeon Overview and Level Annotations

Branches:
Dungeon (7/15)
 Temple: D:4-7

Altars:
Elyvilon
Gozag
Qazlal
Trog
Xom
Zin
Beogh

Annotations:
D:2 1 runed translucent door, Crazy Yiuf
D:6 3 runed translucent doors, tgirl's ghost, novice HOCA


Message History

The gnoll sergeant is severely wounded.
You closely miss the gnoll bouda.
You feel extremely sick.
The gnoll bouda calls upon its god to heal the gnoll sergeant.
The gnoll sergeant is healed somewhat.
The gnoll sergeant hits you with a +2 trident of venom.
* * * LOW HITPOINT WARNING * * *
You are more poisoned.
You hit the gnoll sergeant but do no damage.
The gnoll sergeant is heavily wounded.
You hit the gnoll bouda.
You feel very sick.
The gnoll bouda hits you with a +0 whip.
* * * LOW HITPOINT WARNING * * *
The gnoll sergeant barely misses you. The gnoll sergeant blocks your attack.
The gnoll sergeant is heavily wounded.
You hit the gnoll bouda.
* * * LOW HITPOINT WARNING * * *
You feel very sick.
The gnoll bouda calls upon its god to heal the gnoll sergeant.
The gnoll sergeant is healed somewhat.
The gnoll sergeant hits you but does no damage.
Okay, then.
You slash the gnoll sergeant!
The gnoll sergeant is severely wounded.
You hit the gnoll bouda.
* * * LOW HITPOINT WARNING * * *
You feel very sick.
The gnoll bouda gazes fiercely through you!
You feel as though you will be weak longer.
You block the gnoll bouda's attack.
The gnoll sergeant hits you with a +2 trident of venom!
* * * LOW HITPOINT WARNING * * *
You are more poisoned.
You feel protected.
* * * LOW HITPOINT WARNING * * *
You feel very sick.
The gnoll bouda hits you with a +0 whip.
You die...

#...>..... #####.
##......... ...... +##
..#.......# ##..#.#
..##.........# ......
###.#..........
#....###..............
#..............# #...
#.g#.))......####...
##.§@†..)..†....##...
#..g...........).#...
......##...............)
.....# ##..............[
..... ##..##........).
.... #..##.......).. ...
..####......... ... ....
#.......)) ...#......).#


You could see a gnoll sergeant (swift) and a gnoll bouda.

Vanquished Creatures
  Grinder (D:5)
  Sigmund (D:5)
  2 ogres
  A centaur (D:6)
  A kobold brigand (D:7)
  Blork the orc (D:6)
  A bullfrog (D:6)
  2 gnoll sergeants
  A scorpion (D:5)
  A howler monkey (D:4)
  3 hounds (D:7)
  5 jellies
  A gnoll bouda (D:3)
  4 orc priests
  3 iguanas (D:5)
  A sleepcap (D:5)
  Natasha (thrice) (D:3)
  2 orc wizards
  24 gnolls
  7 adders
  2 ufetubi (D:5)
  A worm (D:3)
  3 dart slugs
  20 orcs
  3 endoplasms
  7 giant cockroaches
  12 goblins
  13 hobgoblins
  14 jackals
  20 kobolds
  4 quokkas
  5 ball pythons
  2 bats
  A frilled lizard (D:2)
  A rat (D:3)
173 creatures vanquished.

Vanquished Creatures (others)
  10 plants
10 creatures vanquished.

Grand Total: 183 creatures vanquished

Notes
Turn   | Place    | Note
-------+----------+-------------------------------------------
     0 | D:1      | NinjaNoafa the Hill Orc Monk began the quest for the Orb.
     0 | D:1      | Reached XP level 1. HP: 19/19 MP: 1/1
    39 | D:1      | Reached XP level 2. HP: 17/26 MP: 2/2
    90 | D:1      | Reached skill level 5 in Axes
   303 | D:1      | Reached XP level 3. HP: 31/31 MP: 3/3
   577 | D:1      | Reached skill level 6 in Axes
  1009 | D:2      | Reached XP level 4. HP: 21/39 MP: 4/4
  1282 | D:2      | Reached skill level 7 in Axes
  1548 | D:2      | Found a runed translucent door.
  1549 | D:2      | Noticed Crazy Yiuf
  1801 | D:3      | Noticed Natasha
  1817 | D:3      | Killed Natasha
  1818 | D:3      | Reached XP level 5. HP: 33/45 MP: 5/5
  1827 | D:3      | Noticed Natasha
  1850 | D:3      | Killed Natasha
  1961 | D:3      | Noticed Natasha
  1980 | D:3      | Killed Natasha
  1981 | D:3      | Reached skill level 8 in Axes
  2281 | D:3      | Reached XP level 6. HP: 19/51 MP: 6/6
  2582 | D:3      | Found a bloodstained altar of Trog.
  2896 | D:3      | Reached skill level 9 in Axes
  3296 | D:4      | Reached skill level 10 in Axes
  3317 | D:4      | Reached XP level 7. HP: 25/58 MP: 7/7
  3347 | D:4      | Reached skill level 1 in Armour
  3752 | D:5      | Entered Level 5 of the Dungeon
  3942 | D:5      | Noticed Sigmund
  3959 | D:5      | Reached skill level 5 in Fighting
  3971 | D:5      | Killed Sigmund
  3972 | D:5      | Reached XP level 8. HP: 34/70 MP: 8/8
  4347 | D:5      | Noticed Grinder
  4355 | D:5      | Paralysed by Grinder for 4 turns
  4373 | D:5      | Killed Grinder
  4374 | D:5      | Reached skill level 11 in Axes
  4542 | D:5      | Found a stormy altar of Qazlal.
  4553 | D:5      | Became a worshipper of Qazlal Stormbringer
  4553 | D:5      | Reached * piety under Qazlal
  4553 | D:5      | Reached ** piety under Qazlal
  4800 | D:5      | HP: 1/70 [gnoll sergeant/+0 trident (3)]
  5152 | D:6      | Noticed Blork the orc
  5226 | D:6      | Found an opulent altar of Gozag.
  5229 | D:6      | Reached skill level 1 in Invocations
  5326 | D:6      | Reached skill level 12 in Axes
  5328 | D:6      | Killed Blork the orc
  5434 | D:6      | Found a glowing silver altar of Zin.
  5434 | D:6      | Found a shimmering altar of Xom.
  5436 | D:6      | Found a white marble altar of Elyvilon.
  5446 | D:6      | Reached XP level 9. HP: 51/75 MP: 10/12
  5807 | D:6      | Found a runed translucent gate.
  5807 | D:6      | Noticed tgirl's ghost (novice HOCA)
  5810 | D:6      | Found a runed translucent gate.
  5811 | D:6      | Found a runed translucent gate.
  5825 | D:6      | Identified the +1 plate armour "Bolonk" {rElec Str+4
                  | Stlth-}
  6101 | D:6      | Found a roughly hewn altar of Beogh.
  6172 | D:7      | Reached skill level 13 in Axes
  6223 | D:7      | HP: 1/75 [poisoned by a gnoll sergeant]
  6223 | D:7      | Slain by a gnoll bouda

Illustrated notes

Levels and vault maps discovered:
D:1:      co_arrival_hexagon_in_a_hexagon, layout_basic
D:2:      layout_rooms, grunt_ministairs_9, uniq_crazy_yiuf_cottage
D:3:      layout_loops_corners, trog_hazing_becter, serial_forest,
          infiniplex_forest_straight_2, infiniplex_forest_clump_small,
          infiniplex_forest_lined_4_way, infiniplex_forest_lined_2,
          infiniplex_forest_straight_3, infiniplex_forest_straight_1,
          infiniplex_forest_clump_long, uniq_natasha
D:4:      layout_rooms, lightli_minifort
D:5:      layout_basic, mainiacjoe_overflow_alcove_1, minmay_strange_pillars,
          nicolae_figureground_sparkle, uniq_grinder, uniq_sigmund
D:6:      layout_cave_pools, grunt_gozag_breadcrumbs,
          gammafunk_temple_overflow_forgotten, biasface_ghost_orc_armoury,
          uniq_blork_the_orc
D:7:      layout_cave_pools, evilmike_ruin_ashenzari,
          minmay_temple_entry_glassed_door, serial_shops,
          nicolae_shop_waterfront, serial_gnoll_camp, gnoll_camp_mini_doghouse,
          gnoll_camp_huts_basic, gnoll_camp_medium_01, gnoll_camp_mini_doghouse,
          uniq_duvessa

Skill      XL: |  1  2  3  4  5  6  7  8  9 |
---------------+----------------------------+-----
Axes           | 5 6 7 8 10 12 13 | 13.3
Fighting       | 5 6 |  6.1
Armour         | 3 4 |  4.2
Invocations    | 4 |  4.0
Dodging        | |  2.4
Stealth        | |  1.5

Action                     |  1- 3 |  4- 6 |  7- 9 || total
---------------------------+-------+-------+-------++-------
  Melee: Hand axe          |   142 |   162 |       ||   304
         Punch             |       |     6 |     1 ||     7
         War axe           |       |   136 |   172 ||   308
         Battleaxe         |       |       |    64 ||    64
  Evoke: Wand              |       |       |     2 ||     2
    Use: Potion            |       |     4 |     7 ||    11
         Scroll            |       |     1 |     6 ||     7
   Stab: Sleeping          |     2 |       |       ||     2
         Invisible         |       |       |     4 ||     4
 Armour: Robe              |    16 |       |       ||    16
         Leather armour    |    11 |     1 |       ||    12
         Chain mail        |       |   215 |    12 ||   227
         Plate armour      |       |       |   131 ||   131
         Scale mail        |       |       |     6 ||     6
  Dodge: Dodged            |    84 |   206 |   123 ||   413
  Block: Other             |       |       |    14 ||    14

Table legend: (Time is in decaauts)
 A = Elapsed time spent in this place.
 B = Non-inter-level travel time spent in this place.
 C = Inter-level travel time spent in this place.
 D = Time resting spent in this place.
 E = Time spent auto-exploring this place.
 F = Levels seen in this place.
 G = Mean time per level.
                   A        B        C        D        E       F      G
               +--------+--------+--------+--------+--------+-----+--------+
         Total |   6235 |   5676 |    559 |    133 |   2945 |   7 |  890.7 |
       Dungeon |   6235 |   5676 |    559 |    133 |   2945 |   7 |  890.7 |
               +--------+--------+--------+--------+--------+-----+--------+

Top non-repeatable levels by time:
     D:3: 1297 daAuts
     D:5: 1208 daAuts
     D:1: 985 daAuts
     D:4: 908 daAuts
     D:6: 869 daAuts
     D:2: 789 daAuts
     D:7: 177 daAuts
